 Dungeon Crawl Stone Soup version 0.27-a0-1334-g2746e35aca (webtiles) character file.

Game seed: 1262155047951772580

226 Shayle the Magician (level 6, -1/55 HPs)
             Began as a Naga Hedge Wizard on June 26, 2021.
             Slain by a worm (4 damage)
             ... on level 3 of the Dungeon.
             The game lasted 00:06:29 (2960 turns).

Shayle the Magician (Naga Hedge Wizard)             Turns: 2960, Time: 00:06:30

Health: -1/55      AC:  8    Str: 12    XL:     6   Next: 1%
Magic:  7/11       EV:  7    Int: 17    God:
Gold:   112        SH:  0    Dex: 16    Spells: 3/12 levels left

rFire    + + +     SeeInvis +   g - +0 whip (holy)
rCold    . . .     Faith    .   (no shield)
rNeg     . . .     Spirit   .   e - +1 scale mail {rF+}
rPois    +         Reflect  .   c - +0 hat
rElec    .         Harm     .   (no cloak)
rCorr    .         Rampage  .   i - +1 pair of gloves
Will     .....                  (no barding)
Stlth    +.........             (no amulet)
HPRegen  0.18/turn              j - +6 ring of dexterity
MPRegen  0.12/turn              d - ring "Qotsuip" {Wiz rF++}

@: short of breath, slowed, very slow
A: AC +2, large, see invisible, deformed body, poison resistance, slowness 2,
spit poison 1, naga tail 1
a: Spit Poison


You were on level 3 of the Dungeon.
You visited 1 branch of the dungeon, and saw 3 of its levels.

You collected 112 gold pieces.

Inventory:

Hand Weapons
 a - a +0 dagger
 g - a +0 whip of holy wrath (weapon)
Armour
 b - a +0 robe
 c - a +0 hat (worn)
 e - a +1 scale mail of fire resistance (worn)
 i - a +1 pair of gloves (worn)
Jewellery
 d - the ring "Qotsuip" (right hand) {Wiz rF++}
   (You acquired it on level 3 of the Dungeon)

   [ring of wizardry]

   It improves your spell success rate.
   It greatly protects you from fire.
 j - a +6 ring of dexterity (left hand)


   Skills:
 + Level 2.5 Fighting
 + Level 2.8 Dodging
 - Level 3.0 Stealth
 + Level 3.9 Spellcasting
 - Level 1.0 Conjurations
 - Level 1.0 Summonings
 - Level 1.0 Translocations
 + Level 2.8 Invocations


You had 3 spell levels left.
You knew the following spells:

 Your Spells              Type           Power      Damage    Failure   Level
a - Magic Dart            Conj           24%        1d4       22%         1
b - Blink                 Tloc           N/A        N/A       32%         2
c - Conjure Flame         Conj/Fire      5%         6-21      61%         3
d - Mephitic Cloud        Conj/Pois/Air  4%         N/A       65%         3

Your spell library contained the following spells:

 Spells                   Type           Power      Damage    Failure   Level
 Corona                   Hex            3%         N/A       32%         1
 Call Imp                 Summ           6%         N/A       32%         2
 Ensorcelled Hibernation  Hex/Ice        6%         N/A       45%         2
 Slow                     Hex            3%         N/A       45%         2
 Dazzling Flash           Conj/Hex       10%        N/A       61%         3
 Confusing Touch          Hex            3%         N/A       69%         3
 Tukima's Dance           Hex            3%         N/A       69%         3


Dungeon Overview and Level Annotations

Branches:
Dungeon (3/15)

Altars:


Innate Abilities, Weirdness & Mutations

Your serpentine skin is tough. (AC +2)
You have supernaturally acute eyesight. (SInv)
Armour fits poorly on your strangely shaped body.
Your system is resistant to poisons. (rPois)
You cover ground very slowly.
You can spit poison.
You have a snake-like lower body.


Message History

You float gracefully downwards.
Your surroundings suddenly seem different.
A rat comes into view.
A worm comes into view.
Found a scroll labelled HAZXIM SACAET.
The rat twitches its whiskers.
Your magical contamination has completely faded away.
Casting: Magic Dart (safe; 22% risk of failure)
Confirm with . or Enter, or press ? or * to list all spells.
Aiming: Magic Dart (safe; 22% risk of failure)
Press: ? - help, Shift-Dir - straight line, f - rat
Aim: a rat (100% to hit)
The magic dart hits the rat.
You kill the rat!
The worm bites you.
* * * LOW HITPOINT WARNING * * *
Press: ? - help, Shift-Dir - straight line, f - worm
Aim: a worm The splash of poison hits the worm.
The worm is moderately wounded.
The worm closely misses you.
Unknown command.
Casting: Magic Dart (safe; 22% risk of failure)
Confirm with . or Enter, or press ? or * to list all spells.
Okay, then.
You aren't carrying any items that you can evoke.
Unknown command.
You barely miss the worm.
The worm is moderately wounded.
You have got your breath back.
The worm bites you but does no damage.
Unknown command.
You aren't carrying any scrolls.
Unknown command.
Okay, then.
Press: ? - help, Shift-Dir - straight line, f/p - worm
Aim: a worm (lightly wounded)
The splash of poison hits the worm!
The worm is poisoned.
The worm is heavily wounded.
The worm bites you.
You die...

#. #. ##.#
... # ##..
#. ##...####
#.##..#....+
#......#@#
#..#.#.w##
#?......#
#..#.#..#
#.......#
###..####
##. . #.


You could see a worm (poisoned).

Vanquished Creatures
  Sigmund (D:2)
  Natasha (D:3)
  An adder (D:3)
  3 worms (D:2)
  A dart slug (D:1)
  4 endoplasms
  5 goblins
  4 hobgoblins
  2 quokkas
  4 ball pythons
  2 bats
  2 frilled lizards
  A kobold (D:1)
  3 rats
34 creatures vanquished.

Notes
Turn   | Place    | Note
-------+----------+-------------------------------------------
     0 | D:1      | Shayle the Naga Hedge Wizard began the quest for the Orb.
     0 | D:1      | Reached XP level 1. HP: 15/15 MP: 4/4
   541 | D:1      | Reached XP level 2. HP: 18/24 MP: 6/6
   900 | D:1      | Found a faded altar of an unknown god.
  1362 | D:2      | Reached skill level 1 in Invocations
  1488 | D:2      | Reached skill level 1 in Fighting
  1642 | D:2      | Reached XP level 3. HP: 31/31 MP: 5/7
  1701 | D:2      | Noticed Sigmund
  1713 | D:2      | Killed Sigmund
  1714 | D:2      | Reached XP level 4. HP: 11/39 MP: 7/9
  1714 | D:2      | Reached XP level 5. HP: 12/45 MP: 7/10
  1997 | D:2      | Learned a level 2 spell: Blink
  2001 | D:2      | Learned a level 3 spell: Conjure Flame
  2005 | D:2      | Learned a level 3 spell: Mephitic Cloud
  2915 | D:3      | Noticed Natasha
  2936 | D:3      | HP: 1/46 [Natasha (3)]
  2941 | D:3      | Killed Natasha
  2942 | D:3      | Reached XP level 6. HP: 2/55 MP: 5/11
  2944 | D:3      | Identified a scroll of acquirement
  2944 | D:3      | Acquired the ring "Qotsuip" {Wiz rF++}
  2956 | D:3      | HP: 1/55 [worm (5)]
  2960 | D:3      | Slain by a worm

Illustrated notes

Levels and vault maps discovered:
D:1:      dpeg_arrival_rhombus, layout_loops_cross,
          chequers_ecumenical_altar_island, serial_glass, glass_columns_a,
          glass_columns_b, glass_columns_c, glass_columns_a, glass_columns_a,
          glass_columns_a
D:2:      layout_loops_ring, columned_hall_lemuel, nrook_loot_triangle,
          minmay_misc_feat_roman, uniq_sigmund
D:3:      minmay_skewed_foursquare, layout_loops_corners, glass_columns_a,
          minmay_rat_hole, uniq_ijyb, uniq_grinder, uniq_natasha

Skill      XL: |  1  2  3 |
---------------+----------+-----
Invocations    | 1 2 |  2.8
Fighting       | 1 2 |  2.5
Dodging        | 2 |  2.8
Stealth        | |  3.0
Spellcasting   | |  3.9
Conjurations   | |  1.0
Summonings     | |  1.0
Translocations | |  1.0

Action                   |  1- 3 |  4- 6 || total
-------------------------+-------+-------++-------
Melee: Dagger            |    37 |       ||    37
       Whip              |     8 |    46 ||    54
 Cast: Magic Dart        |    12 |    11 ||    23
 Abil: Spit Poison       |    13 |    17 ||    30
  Use: Scroll            |     3 |     3 ||     6
       Potion            |       |     2 ||     2
Armor: Robe              |     3 |       ||     3
       Scale mail        |    11 |    13 ||    24
Dodge: Dodged            |    26 |    27 ||    53

Table legend: (Time is in decaauts)
 A = Elapsed time spent in this place.
 B = Non-inter-level travel time spent in this place.
 C = Inter-level travel time spent in this place.
 D = Time resting spent in this place.
 E = Time spent auto-exploring this place.
 F = Levels seen in this place.
 G = Mean time per level.
                   A        B        C        D        E       F      G
               +--------+--------+--------+--------+--------+-----+--------+
         Total |   3583 |   3474 |    109 |    851 |   2132 |   3 | 1194.3 |
       Dungeon |   3583 |   3474 |    109 |    851 |   2132 |   3 | 1194.3 |
               +--------+--------+--------+--------+--------+-----+--------+

Top non-repeatable levels by time:
     D:1: 1635 daAuts
     D:2: 1411 daAuts
     D:3: 536 daAuts
